AoeStats
← gazza17

Nomad

516041287Analyzed
4v4 RM · 12d ago on Oct 24, 2026· 54m 54s· 8 players
Game mode
Random Map
Map size
231×231
Population
200
Speed
Normal
Resources
Standard
Victory
Conquest
Starting age
Dark Age
Ending age
Imperial Age
RankedLock teamsTeams togetherTeam positionsShared explorationLock speedFull tech treeHidden civsTurbo modeCheats
Victory
Defeat
🇩🇪 Malay · Germany
1128
+11
🇩🇪 Ethiopians · Germany
1082
+13
🇩🇪 Huns · Germany
1039
+15
🇩🇪 Maya · Germany
1027
+15
vs
🇪🇸 Mongols · Spain
1042
-14
🇨🇳 Berbers · China
1031
-14
🇿🇦 Malay · South Africa
1012
-13
🇬🇧 Varangians · United Kingdom
994
-13
Zafar
3:45 Loom
14:23 Feudal Age
14:51 Town Watch
15:25 Double-Bit Axe
18:24 Fishing Lines
18:36 Horse Collar
23:11 Fletching
27:29 Castle Age
25:25 Gold Mining
27:13 Forging
28:13 Squires
29:13 Wheelbarrow
28:42 Heavy Plow
29:31 Bow Saw
30:19 Gillnets
30:47 Medium Warships
30:58 Husbandry
31:40 Gold Shaft Mining
31:57 Clinker Construction
32:09 Stone Mining
32:37 Bodkin Arrow
32:29 Pikeman
34:31 Hand Cart
35:01 Thalassocracy
41:54 Imperial Age
39:55 Ballistics
39:32 Murder Holes
40:28 Siphons
41:27 Careening
42:41 Chemistry
42:02 Carvel Hull
42:11 Heavy Warships
41:44 Man-at-Arms
42:10 Arson
42:48 Conscription
42:57 Long Swordsman
44:40 Scale Barding Armor
45:10 Iron Casting
44:44 Siege Engineers
45:01 Dry Dock
45:39 Two-Handed Swordsman
46:18 Capped Ram
49:24 Blast Furnace
48:25 Bracer
53:03 Thumb Ring
53:10 Padded Archer Armor
52:37 Elite Skirmisher
55:43 Leather Archer Armor
Eleich
3:57 Loom
16:53 Feudal Age
19:38 Town Watch
22:14 Castle Age
21:24 Double-Bit Axe
22:38 Fletching
23:52 Bodkin Arrow
29:40 Padded Archer Armor
31:22 Leather Archer Armor
45:41 Gold Mining
48:09 Town Patrol
48:45 Wheelbarrow
gazza17
7:17 Loom
15:05 Feudal Age
20:12 Castle Age
18:28 Stone Mining
20:57 Scale Barding Armor
21:02 Forging
22:50 Horse Collar
23:39 Heavy Plow
23:27 Double-Bit Axe
24:20 Gold Mining
25:58 Husbandry
29:13 Chain Barding Armor
31:18 Iron Casting
30:35 Fletching
34:20 Bow Saw
41:40 Stone Shaft Mining
41:13 Bodkin Arrow
43:07 Scale Mail Armor
378080739
3:39 Loom
15:24 Feudal Age
21:10 Castle Age
24:04 Fletching
24:15 Padded Archer Armor
24:18 Double-Bit Axe
32:19 Imperial Age
36:54 Kasbah
38:12 Conscription
38:53 Elite Camel Archer
42:15 Heavy Camel Rider
42:57 Husbandry
44:49 Gold Mining
45:16 Bloodlines
Forlong
4:59 Loom
13:45 Feudal Age
14:05 Fishing Lines
15:13 Double-Bit Axe
17:51 Town Watch
21:49 Castle Age
19:47 Stone Mining
21:25 Forging
21:40 Medium Warships
22:15 Stone Shaft Mining
22:47 Gillnets
23:33 Pikeman
27:00 Fletching
28:00 Squires
29:13 Gold Mining
38:38 Imperial Age
39:17 Conscription
39:43 Wheelbarrow
39:50 Conscription
40:50 Hand Cart
43:54 Bow Saw
43:45 Bodkin Arrow
44:35 Padded Archer Armor
47:49 Heavy Warships
48:40 Block Printing
50:07 Careening
54:58 Iron Casting
55:22 Conscription
^9[O.^2G.^9G.] Knastbruder
5:09 Loom
14:25 Feudal Age
15:06 Fishing Lines
18:38 Double-Bit Axe
22:52 Castle Age
21:34 Horse Collar
21:49 Gold Mining
21:51 Stone Mining
25:49 Thumb Ring
25:05 Crossbowman
26:19 Bow Saw
26:11 Fletching
26:29 Padded Archer Armor
26:11 Elite Skirmisher
27:48 Squires
32:48 Ballistics
36:21 Eagle Warrior
41:54 Bodkin Arrow
42:14 Leather Archer Armor
43:46 Scale Mail Armor
43:57 Forging
44:15 Hul'che Javelineers
47:38 Chain Mail Armor
47:58 Iron Casting
50:35 Imperial Age
49:33 Chain Mail Armor
51:43 Conscription
50:47 Elite Eagle Warrior
53:27 Arson
54:20 Holcans
55:22 Blast Furnace
Drachenlord93
11:46 Loom
14:47 Feudal Age
15:16 Double-Bit Axe
19:44 Forging
20:05 Scale Barding Armor
20:41 Wheelbarrow
26:18 Castle Age
31:25 Husbandry
31:36 Bloodlines
32:04 Iron Casting
33:16 Horse Collar
35:09 Bow Saw
35:25 Padded Archer Armor
35:32 Gold Mining
39:48 Imperial Age
39:18 Pikeman
40:06 Cavalier
41:18 Leather Archer Armor
41:24 Chain Barding Armor
42:46 Blast Furnace
43:53 Paladin
51:48 Heavy Plow
51:39 Arson
52:54 Gold Shaft Mining
53:00 Plate Barding Armor
52:16 Fletching
DarkForestnotagain
4:24 Loom
15:45 Feudal Age
17:11 Fletching
17:49 Padded Archer Armor
22:14 Castle Age
20:19 Gold Mining
22:01 Wheelbarrow
21:19 Stone Mining
22:55 Bodkin Arrow
22:27 Crossbowman
25:50 Hand Cart
25:25 Double-Bit Axe
26:11 Leather Archer Armor
26:11 Forging
27:55 Bow Saw
30:20 Ballistics
31:32 Gold Shaft Mining
34:25 Leather Archer Armor
36:42 Thumb Ring
40:55 Imperial Age
42:01 Conscription
41:50 Bracer
44:02 Chemistry
43:38 Arbalester
52:33 Ring Archer Armor
52:03 Scale Mail Armor
52:50 Iron Casting
53:20 Elite Shotel Warrior
54:26 Chain Mail Armor
56:26 Blast Furnace
Connection lost

Rejoining the realm…

Still unreachable

The connection could not be restored.

Session expired

The server has moved on; the page needs a fresh start.